 Dungeon Crawl Stone Soup version 0.24-a0-446-g87df7205b4 (webtiles) character file.

Game seed: 4477829543351149457

49 drasked the Ruffian (level 3, 0/36 HPs)
             Began as a Troll Monk on June 23, 2019.
             Slain by a gnoll
             ... wielding a +0 club
              (5 damage)
             ... on level 2 of the Dungeon.
             The game lasted 00:01:17 (885 turns).

drasked the Ruffian (Troll Monk)                     Turns: 885, Time: 00:01:18

Health: 0/36       AC:  6    Str: 19    XL:     3   Next: 53%
Magic:  2/2        EV: 10    Int:  7    God:
Gold:   100        SH:  0    Dex: 12    Spells: 2/2 levels left

rFire    . . .     SeeInvis .     - Unarmed
rCold    . . .     Gourm    +   (no shield)
rNeg     . . .     Faith    .   a - +0 robe
rPois    .         Spirit   .   (helmet restricted)
rElec    .         Reflect  .   (no cloak)
rCorr    .         Harm     .   (gloves unavailable)
MR       .....                  (boots unavailable)
Stlth    ++........             (no amulet)
HPRegen  0.52/turn              (no ring)
MPRegen  0.08/turn              (no ring)

@: lethally poisoned (0 -> 0)
A: large, unfitting armour, claws 3, fast metabolism 3, gourmand, regeneration
1, shaggy fur 1, tough skin 3
a: no special abilities


You were on level 2 of the Dungeon.
You were very full.

You visited 1 branch of the dungeon, and saw 2 of its levels.

You collected 100 gold pieces.

Inventory:

Armour
 a - a +0 robe (worn)
Scrolls
 d - a scroll of remove curse {unknown}
 e - a scroll of blinking {unknown}
 f - a scroll of enchant weapon {unknown}
 h - a scroll of enchant armour {unknown}
Potions
 c - a potion of ambrosia {unknown}
 g - a potion of might {unknown}
Comestibles
 b - 4 rations


   Skills:
 + Level 2.9 Fighting
 - Level 2.4 Dodging
 - Level 1.0 Stealth
 * Level 4.1 Unarmed Combat


You had 2 spell levels left.
You didn't know any spells.
Your spell library was empty.

Dungeon Overview and Level Annotations

Branches:
Dungeon (2/15)

Altars:


Innate Abilities, Weirdness & Mutations

You are too large for most types of armour.
You have claws for hands.
Your metabolism is lightning-fast.
You like to eat raw meat.
Your natural rate of healing is unusually fast.
You are covered in fur. (AC +1)
You have extremely tough skin. (AC +3)


Message History

No target in view!
A goblin comes into view. It is wielding a +0 club.
Found a stone staircase leading down.
A kobold comes into view. It is wielding a +0 short sword.
There are monsters nearby!
There is a stone staircase leading down here.
There are monsters nearby!
The helpless goblin fails to defend itself.
You claw the goblin!
You kill the goblin!
A kobold is nearby!
The kobold shouts!
You see here a +0 club.
A kobold is nearby!
A kobold is nearby!
You barely miss the kobold.
A kobold is nearby!
You scratch the kobold. The kobold hits you but does no damage.
A kobold is nearby!
You closely miss the kobold. The kobold barely misses you.
A kobold is nearby!
You scratch the kobold.
You kill the kobold!
You now have 100 gold pieces (gained 15).
You see here 19 stones.
You see here 23 stones.
Done exploring.
No target in view!
Done exploring.
Done exploring.
No target in view!
Done exploring.
No target in view!
Done exploring.
No target in view!
Done exploring.
No target in view!
Done exploring.
No target in view!
Done exploring.
There is an escape hatch in the floor here.
You slide downwards.
The hatch slams shut behind you.
A frilled lizard, an adder, a rat, a hobgoblin and a gnoll come into view.
The frilled lizard hisses angrily.
The hobgoblin shouts!
The gnoll shouts!
You hear a shout!
Found a scroll labeled COEQOMPIMU.
Found a stone staircase leading up.
There are monsters nearby!
The hobgoblin hits you with a +0 club.
There are monsters nearby!
You barely miss the hobgoblin.
You claw the hobgoblin, but do no damage.
You take 1 damage, and have 28/29 hp.
There are monsters nearby!
You miss the adder. The adder bites you.
You are poisoned.
The adder poisons you! The hobgoblin hits you with a +0 club.
You take 4 damage, and have 24/29 hp.
You claw the adder!
You kill the adder!
Your Unarmed Combat skill increases to level 4!
You have reached level 3!
Your experience leads to an increase in your attributes!
Increase (S)trength, (I)ntelligence, or (D)exterity?
You feel clever.
You feel stronger.
You feel sick.
A gnoll comes into view. It is wielding a +0 spear.
The rat bites you but does no damage. The hobgoblin closely misses you.
You regained 5 hp, and now have 29/36 hp.
MP restored: 2 You claw the rat!
You kill the rat!
The hobgoblin hits you but does no damage.
You claw the frilled lizard!
You kill the frilled lizard!
The hobgoblin hits you but does no damage.
The gnoll hits you from afar with a +0 halberd.
A gnoll comes into view. It is wielding a +0 club.
The hobgoblin barely misses you.
You claw the gnoll!
You feel sick. The gnoll closely misses you.
A quokka comes into view.
The hobgoblin hits you but does no damage.
You scratch the gnoll.
The gnoll hits you from afar with a +0 spear!
The gnoll hits you with a +0 halberd!
* * * LOW HITPOINT WARNING * * *
You take 22 damage, and have 7/36 hp.
MASSIVE DAMAGE!!
You claw the gnoll!
You kill the gnoll!
The hobgoblin hits you with a +0 club.
* * * LOW HITPOINT WARNING * * *
The gnoll barely misses you.
You take 2 damage, and have 5/36 hp.
You scratch the hobgoblin. The hobgoblin barely misses you.
The gnoll barely misses you.
You claw the hobgoblin!
You kill the hobgoblin!
You feel sick. The gnoll hits you but does no damage.
You completely miss the gnoll. The gnoll hits you with a +0 club.
You die...

## ########## .
#........# .#
#........#..#
#........#..##
##<....)......##
.?...gg@r†......
................
..#######.......
......# ......#
.####.# .. . ##


You could see 2 gnolls and a quokka.

Vanquished Creatures
  A gnoll (D:2)
  An adder (D:2)
  5 bats (D:1)
  2 giant cockroaches (D:1)
  5 goblins (D:1)
  4 hobgoblins
  5 kobolds (D:1)
  3 frilled lizards
  3 rats
29 creatures vanquished.

Notes
Turn   | Place    | Note
-------+----------+-------------------------------------------
     0 | D:1      | drasked the Troll Monk began the quest for the Orb.
     0 | D:1      | Reached XP level 1. HP: 22/22 MP: 0/0
   178 | D:1      | Reached XP level 2. HP: 29/29 MP: 1/1
   876 | D:2      | Reached skill level 4 in Unarmed Combat
   876 | D:2      | Reached XP level 3. HP: 29/36 MP: 2/2
   881 | D:2      | HP: 7/36 [gnoll/+0 halberd (15)]
   885 | D:2      | Slain by a gnoll

Levels and vault maps discovered:
D:1:      lemuel_arrival_room, layout_basic, hex_large, minmay_heptomino_l4
D:2:      layout_basic, uniq_robin

Skill      XL: |  1  2 |
---------------+-------+-----
Unarmed Combat | 4 |  4.1
Fighting       | |  2.9
Dodging        | |  2.4
Stealth        | |  1.0

Action                   || total
-------------------------++-------
Melee: Unarmed           ||    67
       Punch             ||     2
 Stab: Sleeping          ||     5
  Eat: Chunk             ||    12
Armor: Robe              ||    33
Dodge: Dodged            ||    26

Table legend:
 A = Non-vault XP
 B = Vault XP
 C = Vault XP percentage of total XP
 D = Non-vault monster count
 E = Vault monster count
 F = Vault count percentage of total count
                 A         B        C        D         E       F
            +---------+---------+-------+---------+---------+-------
      Total |      66 |       5 |   7.0 |      25 |       4 |  13.8
            +---------+---------+-------+---------+---------+-------
        D:1 |      34 |       5 |  12.8 |      20 |       4 |  16.7
        D:2 |      32 |       0 |   0.0 |       5 |       0 |   0.0
            +---------+---------+-------+---------+---------+-------

Levels and vault maps discovered:
D:1:      lemuel_arrival_room, layout_basic, hex_large, minmay_heptomino_l4
D:2:      layout_basic, uniq_robin

Table legend:
 A = Turns spent in this place as a percentage of turns spent in the entire game.
 B = Non-inter-level travel turns spent in this place as a percentage of non-inter-level travel turns spent in the entire game.
 C = Inter-level travel turns spent in this place as a percentage of turns spent in this place.
 D = Turns resting spent in this place as a percentage of non-inter-level travel turns spent in this place.
 E = Turns spent auto-exploring this place as a percentage of non-inter-level travel turns spent in this place.
 F = Non-inter-level travel turns spent in this place divided by the number of levels of this place that you've seen.
                   A       B       C       D       E      F
               +-------+-------+-------+-------+-------+----------------------
         Total | 100.0 | 100.0 |   0.1 |   0.0 |  78.4 | 442.0
       Dungeon | 100.0 | 100.0 |   0.1 |   0.0 |  78.4 | 442.0
               +-------+-------+-------+-------+-------+----------------------

Table legend:
 A = Kills in this place as a percentage of kills in entire the game.
 B = Kills by you in this place as a percentage of kills by you in the entire game.
 C = Kills by friends in this place as a percentage of kills by friends in the entire game.
 D = Other kills in this place as a percentage of other kills in the entire game.
 E = Experience gained in this place as a percentage of experience gained in the entire game.
 F = Experience gained in this place divided by the number of levels of this place that you have seen.
                   A       B       C       D       E      F
               +-------+-------+-------+-------+-------+----------------------
         Total | 100.0 | 100.0 |   N/A |   N/A | 100.0 |  35.5
       Dungeon | 100.0 | 100.0 |   N/A |   N/A | 100.0 |  35.5
               +-------+-------+-------+-------+-------+----------------------
